AoeStats
← JaggedJimmyJay

Arabia

506328784Analyzed
1v1 RM · 20d ago on Sep 13, 2026· 24m 0s· 2 players
Game mode
Random Map
Map size
Tiny (2 player)
Population
200
Speed
Normal
Resources
Standard
Victory
Conquest
Starting age
Dark Age
Ending age
Imperial Age
RankedLock teamsTeams togetherTeam positionsShared explorationLock speedFull tech treeHidden civsTurbo modeCheats
Victory
Defeat
🇺🇸 Spanish · United States
1046
+16
🇺🇸 Bulgarians · United States
1048
-16
GatorDan65
6:03 Loom
9:05 Feudal Age
13:31 Double-Bit Axe
14:56 Horse Collar
19:06 Bloodlines
19:12 Forging
23:31 Castle Age
21:40 Fletching
21:54 Stone Mining
24:48 Wheelbarrow
JaggedJimmyJay
3:50 Loom
10:14 Feudal Age
14:32 Horse Collar
22:19 Castle Age
23:13 Town Watch
Connection lost

Rejoining the realm…

Still unreachable

The connection could not be restored.

Session expired

The server has moved on; the page needs a fresh start.